 Dungeon Crawl Stone Soup version 0.28-a0-823-gb444dcf96d (webtiles) character file.

Game seed: 13429671337884202867

201 ytrimaz the Cutter (level 6, 0/48 HPs)
             Began as a Formicid Fighter on Nov 9, 2021.
             Slain by Eustachio (5 damage)
             ... on level 4 of the Dungeon.
             The game lasted 00:04:26 (3871 turns).

ytrimaz the Cutter (Formicid Fighter)               Turns: 3871, Time: 00:04:27

Health: 0/48       AC:  8    Str: 22    XL:     6   Next: 7%
Magic:  6/6        EV: 10    Int:  8    God:
Gold:   128        SH:  4    Dex: 10    Spells: 5/5 levels left

rFire   + . .      SeeInvis +   a - +0 rapier (vamp)
rCold   + . .      Faith    .   c - +0 buckler
rNeg    . . .      Spirit   .   b - +1 scale mail
rPois   +          Reflect  .   (helmet unavailable)
rElec   +          Harm     .   (no cloak)
rCorr   +          Rampage  .   (no gloves)
Will    .....                   (no boots)
Stlth   ..........              (no amulet)
HPRegen 0.16/turn               (no ring)
MPRegen 0.10/turn               (no ring)

@: resistant
A: permanent stasis, dig shafts and tunnels, antennae 3, four strong arms
a: Dig, Shaft Self


You were on level 4 of the Dungeon.
You visited 1 branch of the dungeon, and saw 4 of its levels.
You also visited: Sewer.

You collected 128 gold pieces.

Inventory:

Hand Weapons
 a - a +0 vampiric rapier (weapon)
Armour
 b - a +1 scale mail (worn)
 c - a +0 buckler (worn)
Scrolls
 n - a scroll of enchant armour
Potions
 f - 2 potions of curing
 h - a potion of cancellation {unknown}
 i - a potion of heal wounds {unknown}
 j - a potion of ambrosia {unknown}
 l - 2 potions of degeneration {unknown}
 m - a potion of mutation {unknown}
 o - a potion of flight {unknown}


   Skills:
 + Level 4.0 Fighting
 * Level 4.3 Short Blades
 + Level 4.1 Armour
 * Level 1.7 Dodging
 - Level 3.6 Shields


You had 5 spell levels left.
You didn't know any spells.
Your spell library contained the following spells:

 Spells                   Type           Power      Damage    Failure   Level
 Ensorcelled Hibernation  Hex/Ice        0%         N/A       86%         2
 Passwall                 Tmut/Erth      0%         N/A       86%         2
 Dazzling Flash           Conj/Hex       0%         N/A       97%         3
 Tukima's Dance           Hex            0%         N/A       97%         3
 Agony                    Necr           0%         N/A       100%        5
 Silence                  Hex/Air        0%         N/A       100%        5
 Invisibility             Hex            0%         N/A       100%        6
 Swiftness                Air            Unusable   N/A       N/A         3

Dungeon Overview and Level Annotations

Branches:
Dungeon (4/15)              Sewer (visited)
 Temple: D:4-7

Altars:
Vehumet

Annotations:
D:4 Eustachio


Innate Abilities, Weirdness & Mutations

You cannot be hasted, slowed, berserked, paralysed or teleported.
You can dig through walls and to a lower floor.
You have a pair of large antennae on your head. (SInv)
Your four strong arms can wield two-handed weapons with a shield.


Message History

Eustachio blinks!
The white imp closely misses you.
Eustachio gestures wildly while chanting.
The white imp grinds its teeth.
The white imp hits you but does no damage.
The quasit disappears in a puff of smoke!
Eustachio mumbles some strange words.
Eustachio blinks!
The shadow imp barely misses you. The shadow imp gestures at you.
Pain shoots through your body! You block the shadow imp's attack.
The shadow imp gestures at you. Pain shoots through your body!
Unknown command.
You hit the white imp.
The white imp is moderately wounded.
The shadow imp completely misses you. You block the white imp's attack.
You puncture the shadow imp!
The shadow imp is almost dead.
Eustachio mumbles some strange words.
The shadow imp barely misses you.
The white imp hits you but does no damage.
Unknown command.
The shadow imp hits you but does no damage.
You hit the shadow imp.
The shadow imp is moderately wounded.
The shadow imp gestures at you. Pain shoots through your body!
* * * LOW HITPOINT WARNING * * *
Eustachio mumbles some strange words.
Eustachio blinks!
The white imp hits you.
* * * LOW HITPOINT WARNING * * *
The white imp freezes you. You resist.
* * * LOW HITPOINT WARNING * * *
Eustachio hits you with a +0 rapier.
* * * LOW HITPOINT WARNING * * *
The rat misses you.
You hit Eustachio but do no damage.
Eustachio is severely wounded.
The shadow imp completely misses you. Eustachio hits you with a +0 rapier.
You die...

#####
#..@#
#.@.#
#5r5#
#.bb#
#.5.#
#ยง..#
#...#
#...#
#...######
#........#


You could see Eustachio, a white imp (summoned), 2 shadow imps, 2 bats and a rat
(summoned).

Vanquished Creatures
  3 gnolls
  4 adders (D:2)
  4 river rats
  2 worms (D:3)
  5 dart slugs
  8 ball pythons
  5 endoplasms
  3 giant cockroaches
  11 goblins
  9 hobgoblins
  2 jackals (D:3)
  3 kobolds (D:2)
  4 quokkas
  3 bats
  14 frilled lizards
  10 rats
90 creatures vanquished.

Vanquished Creatures (others)
  9 plants (D:2)
9 creatures vanquished.

Grand Total: 99 creatures vanquished

Notes
Turn   | Place    | Note
-------+----------+-------------------------------------------
     0 | D:1      | ytrimaz the Formicid Fighter began the quest for the Orb.
     0 | D:1      | Reached XP level 1. HP: 18/18 MP: 1/1
   211 | D:1      | Reached XP level 2. HP: 24/24 MP: 2/2
   495 | D:1      | Reached XP level 3. HP: 27/29 MP: 3/3
   786 | D:1      | Found a faded altar of an unknown god.
  1148 | D:2      | Reached skill level 1 in Dodging
  1309 | D:2      | Reached XP level 4. HP: 17/37 MP: 4/4
  2121 | D:3      | Reached XP level 5. HP: 42/42 MP: 5/5
  2187 | D:3      | Found a glowing drain.
  2191 | Sewer    | Entered a sewer
  3117 | D:3      | Reached XP level 6. HP: 27/48 MP: 6/6
  3547 | D:3      | Found a radiant altar of Vehumet.
  3830 | D:4      | Noticed Eustachio
  3871 | D:4      | Slain by Eustachio

Illustrated notes

Levels and vault maps discovered:
D:1:      wheals_arrival_shading, layout_basic,
          hellmonk_ecumenical_altar_pennies_from_heaven, roderic_lattice_a,
          nrook_campfire
D:2:      layout_basic, hangedman_decor_peaks_small, minmay_lizard_king
D:3:      layout_basic, mainiacjoe_overflow_alcove_1, gup_sewer_entry_spiral
D:4:      layout_basic, temple_fountains, ebering_ghost_rock_garden,
          chequers_garden, uniq_robin, uniq_eustachio, uniq_sigmund

Skill      XL: |  1  2  3  4  5 |
---------------+----------------+-----
Dodging        | 1 |  1.7
Short Blades   | 3 4 |  4.3
Armour         | 4 |  4.1
Fighting       | 4 |  4.0
Shields        | |  3.6

Action                   |  1- 3 |  4- 6 || total
-------------------------+-------+-------++-------
Melee: Rapier            |    83 |   242 ||   325
 Abil: Dig               |       |    10 ||    10
  Use: Potion            |     2 |     2 ||     4
       Scroll            |       |     7 ||     7
Armor: Scale mail        |    36 |    74 ||   110
Dodge: Dodged            |    37 |   135 ||   172
Block: Buckler           |    22 |    53 ||    75

Table legend: (Time is in decaauts)
 A = Elapsed time spent in this place.
 B = Non-inter-level travel time spent in this place.
 C = Inter-level travel time spent in this place.
 D = Time resting spent in this place.
 E = Time spent auto-exploring this place.
 F = Levels seen in this place.
 G = Mean time per level.
                   A        B        C        D        E       F      G
               +--------+--------+--------+--------+--------+-----+--------+
         Total |   3931 |   3875 |     56 |    302 |   2741 |   5 |  786.2 |
       Dungeon |   3371 |   3315 |     56 |    302 |   2348 |   4 |  842.8 |
         Sewer |    560 |    560 |      0 |      0 |    392 |   1 |  560.0 |
               +--------+--------+--------+--------+--------+-----+--------+

Top non-repeatable levels by time:
     D:2: 1282 daAuts
     D:3: 1030 daAuts
     D:1: 1010 daAuts
   Sewer: 560 daAuts
     D:4: 48 daAuts
